 Dungeon Crawl Stone Soup version 0.29-a0-90-gc37658a0fe (webtiles) character file.

Game seed: 10709037434380862104

499 lordive the Ruffian (level 6, -27/57 HPs)
             Began as a Troll Warper on Feb 7, 2022.
             Killed from afar by Ijyb (32 damage)
             ... with a bolt of acid
             ... on level 4 of the Dungeon.
             The game lasted 00:03:27 (2423 turns).

lordive the Ruffian (Troll Warper)                  Turns: 2423, Time: 00:03:29

Health: -27/57     AC:  0    Str: 20    XL:     6   Next: 94%
Magic:  7/7        EV: 10    Int: 11    God:
Gold:   171        SH:  0    Dex:  9    Spells: 8/8 levels left

rFire   . . .      SeeInvis .     - Unarmed
rCold   . . .      Faith    .   (no shield)
rNeg    . . .      Spirit   .   a - +0 robe
rPois   .          Reflect  .   (helmet restricted)
rElec   .          Harm     .   (no cloak)
rCorr   .          Rampage  .   (gloves unavailable)
Will    .....                   (boots unavailable)
Stlth   +.........              (no amulet)
HPRegen 0.99/turn               (no ring)
MPRegen 0.10/turn               (no ring)

@: corroded
A: large, unfitting armour, claws 3, regeneration 1, shaggy fur 1, tough skin 1
a: no special abilities


You were on level 4 of the Dungeon.
You visited 1 branch of the dungeon, and saw 4 of its levels.

You collected 171 gold pieces.

Inventory:

Missiles
 c - 5 boomerangs of dispersal (quivered)
 p - a throwing net
Armour
 a - a +0 robe (worn)
Wands
 h - a wand of flame (20)
 q - a wand of charming (7)
Scrolls
 b - 2 scrolls of blinking
 d - 4 scrolls of identify {unknown}
 k - a scroll of immolation {unknown}
 l - a scroll of silence {unknown}
 m - a scroll of amnesia {unknown}
 o - a scroll of holy word {unknown}
 r - a scroll of teleportation {unknown}
Potions
 e - 2 potions of lignification {unknown}
 f - a potion of curing {unknown}
 g - 2 potions of attraction {unknown}
 i - a potion of cancellation {unknown}
 j - a potion of flight {unknown}
 n - 2 potions of ambrosia {unknown}


   Skills:
 * Level 2.1 Fighting
 * Level 2.1 Throwing
 * Level 1.7 Armour
 * Level 3.1 Dodging
 + Level 0.3 Stealth
 * Level 1.8 Shields
 + Level 3.5 Unarmed Combat
 * Level 1.7 Spellcasting
 * Level 2.9 Translocations


You had 8 spell levels left.
You didn't know any spells.
Your spell library contained the following spells:

 Spells                   Type           Power      Damage    Failure   Level
 Blink                    Tloc           14%        N/A       14%         2
 Gell's Gravitas          Tloc           7%         N/A       26%         3
 Lesser Beckoning         Tloc           7%         N/A       26%         3
 Teleport Other           Tloc           7%         N/A       26%         3
 Manifold Assault         Tloc           7%         N/A       94%         5


Dungeon Overview and Level Annotations

Branches:
Dungeon (4/15)
 Temple: D:4-7

Altars:

Shops:
D:1 [

Annotations:
D:4 3 runed translucent doors, Ijyb; cyrus's ghost, amateur NaFi; innerfire433's ghost, novice DEAE


Innate Abilities, Weirdness & Mutations

You are too large for most types of armour.
You have claws for hands.
Your natural rate of healing is unusually fast.
You are covered in fur. (AC +1)
You have tough skin. (AC +1)


Message History

You are too injured to fight recklessly!
You are too injured to fight recklessly!
You are too injured to fight recklessly!
You are too injured to fight recklessly!
You are too injured to fight recklessly!
You are too injured to fight recklessly!
You are too injured to fight recklessly!
You are too injured to fight recklessly!
You are too injured to fight recklessly!
You are too injured to fight recklessly!
You are too injured to fight recklessly!
You are too injured to fight recklessly!
You are too injured to fight recklessly!
You are too injured to fight recklessly!
You are too injured to fight recklessly!
You are too injured to fight recklessly!
You are too injured to fight recklessly!
You are too injured to fight recklessly!
You are too injured to fight recklessly!
You are too injured to fight recklessly!
You are too injured to fight recklessly!
Unknown command.
You scratch Ijyb but do no damage.
Ijyb is lightly wounded.
You scratch Ijyb but do no damage.
Ijyb is lightly wounded.
Ijyb barely misses you.
You closely miss Ijyb.
Ijyb is lightly wounded.
Ijyb hits you with a +0 dagger.
* * * LOW HITPOINT WARNING * * *
You scratch Ijyb.
Ijyb is moderately wounded.
Ijyb hits you with a +0 dagger.
* * * LOW HITPOINT WARNING * * *
You completely miss Ijyb.
Ijyb is moderately wounded.
Ijyb zaps a wand.
The bolt of acid hits you!!
Ouch! That really hurt!
You die...

. . ##### #...# #...#
##########...###########
.........'......@g......
..########...######.####
....# #...# ....# #...#
....# ##### ##### .. ..


You could see Ijyb.

Vanquished Creatures
  Eustachio (D:4)
  A water moccasin skeleton (D:3)
  Natasha (thrice) (D:2)
  2 orc wizards (D:4)
  3 gnolls (D:4)
  3 adders
  A white imp (D:4)
  2 worms (D:2)
  4 dart slugs
  5 orcs
  8 ball pythons
  11 endoplasms
  4 giant cockroaches
  10 goblins
  10 hobgoblins
  10 jackals
  4 kobolds
  2 quokkas
  4 bats
  3 frilled lizards
  11 rats
102 creatures vanquished.

Notes
Turn   | Place    | Note
-------+----------+-------------------------------------------
     0 | D:1      | lordive the Troll Warper began the quest for the Orb.
     0 | D:1      | Reached XP level 1. HP: 19/19 MP: 1/1
    40 | D:1      | Reached skill level 1 in Throwing
    55 | D:1      | Reached XP level 2. HP: 27/27 MP: 2/2
   228 | D:1      | Reached XP level 3. HP: 33/33 MP: 3/3
   258 | D:1      | Found a faded altar of an unknown god.
   567 | D:1      | Found Sail's Antique Armour Shop.
  1049 | D:2      | Noticed Natasha
  1058 | D:2      | Killed Natasha
  1059 | D:2      | Reached XP level 4. HP: 24/42 MP: 5/5
  1091 | D:2      | Reached skill level 1 in Shields
  1159 | D:2      | Noticed Natasha
  1173 | D:2      | Killed Natasha
  1240 | D:2      | Reached XP level 5. HP: 27/49 MP: 6/6
  1287 | D:2      | Reached skill level 1 in Armour
  1379 | D:2      | Noticed Natasha
  1388 | D:2      | Killed Natasha
  2183 | D:4      | Reached XP level 6. HP: 48/57 MP: 7/7
  2340 | D:4      | Found a runed translucent gate.
  2341 | D:4      | Found a runed translucent gate.
  2342 | D:4      | Found a runed translucent gate.
  2342 | D:4      | Noticed Eustachio
  2375 | D:4      | Killed Eustachio
  2386 | D:4      | Noticed innerfire433's ghost (novice DEAE)
  2386 | D:4      | Noticed cyrus's ghost (amateur NaFi)
  2413 | D:4      | Noticed Ijyb
  2423 | D:4      | Killed from afar by Ijyb

Illustrated notes

Levels and vault maps discovered:
D:1:      dpeg_arrival_shrine, layout_basic, basic_ecumenical_altar,
          serial_shops, nicolae_lakefront_shop, minmay_tall_x
D:2:      layout_basic, serial_glass, glass_columns_b, glass_columns_b,
          item_on_display_a, minmay_ruptured, uniq_natasha
D:3:      layout_rooms, chequers_serial_rivers_small_3
D:4:      layout_basic, gammafunk_ghost_cemetery, uniq_ijyb, uniq_eustachio

Skill      XL: |  1  2  3  4  5  6 |
---------------+-------------------+-----
Throwing       | 1 2 |  2.1
Dodging        | 2 3 |  3.1
Shields        | 1 |  1.8
Armour         | 1 |  1.7
Fighting       | 2 |  2.1
Unarmed Combat | 3 |  3.5
Stealth        | |  0.3
Spellcasting   | |  1.7
Translocations | |  2.9

Action                   |  1- 3 |  4- 6 || total
-------------------------+-------+-------++-------
Melee: Unarmed           |   101 |   217 ||   318
       Punch             |     4 |     5 ||     9
 Stab: Sleeping          |       |     2 ||     2
Armor: Robe              |    27 |    79 ||   106
Dodge: Dodged            |    56 |   104 ||   160

Table legend: (Time is in decaauts)
 A = Elapsed time spent in this place.
 B = Non-inter-level travel time spent in this place.
 C = Inter-level travel time spent in this place.
 D = Time resting spent in this place.
 E = Time spent auto-exploring this place.
 F = Levels seen in this place.
 G = Mean time per level.
                   A        B        C        D        E       F      G
               +--------+--------+--------+--------+--------+-----+--------+
         Total |   2421 |   2371 |     50 |      0 |   1752 |   4 |  605.2 |
       Dungeon |   2421 |   2371 |     50 |      0 |   1752 |   4 |  605.2 |
               +--------+--------+--------+--------+--------+-----+--------+

Top non-repeatable levels by time:
     D:1: 971 daAuts
     D:2: 667 daAuts
     D:3: 463 daAuts
     D:4: 318 daAuts
